 Dungeon Crawl Stone Soup version 0.25-a0-1133-g93ebf739aa (webtiles) character file.

Game seed: 17605942815615664827, levelgen mode: deterministic

20605 vurker the Fighter (level 12, -6/133 HPs)
             Began as an Ogre Hunter on May 21, 2020.
             Was a High Priest of Okawaru.
             Mangled by a five-headed hydra (15 damage)
             ... on level 1 of the Lair of Beasts.
             The game lasted 00:34:55 (19051 turns).

vurker the Fighter (Ogre Hunter)                   Turns: 19051, Time: 00:34:55

Health: -6/133     AC: 13    Str: 23    XL:     12   Next: 81%
Magic:  12/18      EV: 14    Int:  7    God:    Okawaru [*****.]
Gold:   641        SH:  5    Dex:  9    Spells: 11/11 levels left

rFire    . . .     SeeInvis .   a - +1 dire flail (protect)
rCold    . . .     Gourm    .   (shield currently unavailable)
rNeg     + . .     Faith    .   A - +2 robe {MR+}
rPois    .         Spirit   .   G - +0 hat "Darosty" {rElec Regen+ Int-5 Slay+3}
rElec    +         Reflect  +   m - +0 cloak
rCorr    .         Harm     .   (gloves unavailable)
MR       ++...                  (boots unavailable)
Stlth    +++.......             l - amulet of reflection
HPRegen  0.72/turn              D - ring of positive energy
MPRegen  0.16/turn              (no ring)

@: heroism, finesse, protection aura
A: large, unfitting armour, tough skin 1
a: Heroism, Finesse, Renounce Religion


You were on level 1 of the Lair of Beasts.
You worshipped Okawaru.
Okawaru was extremely pleased with you.
You were not hungry.

You visited 3 branches of the dungeon, and saw 13 of its levels.
You visited the Abyss 1 time.
You also visited: Gauntlet.

You collected 641 gold pieces.

Inventory:

Hand Weapons
 a - a +1 dire flail of protection (weapon)
   (You took it off an orc warrior on level 9 of the Dungeon)
 b - a +0 giant spiked club
   (You took it off a two-headed ogre on level 8 of the Dungeon)
Missiles
 j - 6 curare-tipped darts (quivered)
 n - 4 throwing nets
 B - 11 large rocks
Armour
 m - a +0 cloak (worn)
   (You took it off Crazy Yiuf on level 4 of the Dungeon)
 A - a +2 robe of magic resistance (worn)
   (You took it off Dowan on level 5 of the Dungeon)
 G - the +0 hat "Darosty" (worn) {rElec Regen+ Int-5 Slay+3}
   (Okawaru gifted it to you on level 1 of the Lair of Beasts)

   It affects your intelligence (-5).
   It affects your accuracy and damage with ranged weapons and melee attacks
   (+3).
   It insulates you from electricity.
   It increases your rate of regeneration.
Jewellery
 l - an amulet of reflection (around neck)
   (You found it on level 1 of the Lair of Beasts)
 D - a ring of positive energy (left hand)
   (You found it on level 9 of the Dungeon)
Wands
 c - a wand of disintegration (10)
   (You found it on level 11 of the Dungeon)
 d - a wand of iceblast (11)
   (You found it on level 8 of the Dungeon)
 t - a wand of flame (38)
   (You took it off Crazy Yiuf on level 4 of the Dungeon)
 u - a wand of paralysis (2)
   (You took it off Harold on level 7 of the Dungeon)
 v - a wand of digging (4)
   (You found it on level 2 of the Dungeon)
 x - a wand of acid (14)
   (You found it on level 8 of the Dungeon)
Scrolls
 f - 6 scrolls of teleportation
 i - 9 scrolls of remove curse
 k - 4 scrolls of fog
 o - a scroll of holy word {unknown}
 s - 2 scrolls of immolation
 C - 2 scrolls of magic mapping
 F - a scroll of torment {unknown}
 I - a scroll of enchant armour {unknown}
Potions
 g - a potion of haste
 h - 2 potions of cancellation
 p - 2 potions of mutation
 q - 4 potions of berserk rage
 r - a potion of ambrosia
 w - 2 potions of might
 y - 2 potions of flight
 z - 3 potions of curing
Comestibles
 e - 17 rations


   Skills:
 + Level 12.5(17.5) Fighting
 * Level 12.1(17.1) Maces & Flails
 + Level 10.5(15.5) Throwing
 + Level 4.5(9.5) Dodging
 - Level 0.6(5.6) Stealth
 - Level 8.0 Invocations


You had 11 spell levels left.
You didn't know any spells.
Your spell library contained the following spells:

 Spells                   Type           Power        Failure   Level  Hunger
 Corona                   Hex            #......      43%         1    ##.....
 Freeze                   Ice            #...         43%         1    ##.....
 Ensorcelled Hibernation  Hex/Ice        #.....       56%         2    ###....
 Confusing Touch          Hex            #.......     80%         3    ####...
 Dazzling Flash           Conj/Hex       #.....       80%         3    ####...
 Frozen Ramparts          Ice            #.....       80%         3    ####...
 Gell's Gravitas          Tloc           #.........   80%         3    ####...
 Ozocubu's Armour         Chrm/Ice       #.......     80%         3    ####...
 Tukima's Dance           Hex            #.......     80%         3    ####...
 Hailstorm                Conj/Ice       #.......     99%         4    #####..
 Petrify                  Tmut/Erth      #.......     99%         4    #####..
 Summon Ice Beast         Ice/Summ       #.......     99%         4    #####..
 Irradiate                Conj/Tmut      #.........   100%        5    ######.
 Metabolic Englaciation   Hex/Ice        #.........   100%        5    ######.
 Yara's Violent Unravell  Hex/Tmut       #.........   100%        5    ######.
 Hydra Form               Tmut           #.........   100%        6    #######
 Statue Form              Tmut/Erth      #........    100%        6    #######
 Dragon Form              Tmut           #.........   100%        7    #######


Dungeon Overview and Level Annotations

Branches:
Dungeon (11/15)            Temple (1/1) D:4            Lair (1/6) D:11
    Orc (0/2) D:10        Gauntlet (visited)

Altars:
Ashenzari
Cheibriados
Dithmenos
Elyvilon
Fedhas
Gozag
Hepliaklqana
Kikubaaqudgha
Makhleb
Nemelex Xobeh
Okawaru
Qazlal
Ru
Sif Muna
Trog
Uskayaw
Vehumet
Wu Jian
Xom
Yredelemnul
Zin
The Shining One

Annotations:
D:11 3 runed translucent doors, HYPERHYPER's ghost, journeyman DDFi; Lanoc's ghost, novice FoAK; Muvuc's ghost, journeyman CeHu; Xtruder99's ghost, journeyman GnAM
Lair:1 3 runed translucent doors, Fedex's ghost, journeyman GnWr


Innate Abilities, Weirdness & Mutations

You are too large for most types of armour.
You have tough skin. (AC +1)


Message History

Okay, then.
Throwing (i - inventory. (/) - cycle)
j - 9 curare-tipped darts (quivered)
Aim: a five-headed hydra (severely wounded)
You throw a curare-tipped dart.
The curare-tipped dart hits the five-headed hydra.
Found a ration.
Throwing (i - inventory. (/) - cycle)
j - 8 curare-tipped darts (quivered)
Aim: a five-headed hydra (severely wounded)
You throw a curare-tipped dart.
The curare-tipped dart hits the five-headed hydra.
The five-headed hydra bites you but does no damage.
The five-headed hydra bites you!
* * * LOW HITPOINT WARNING * * *
The five-headed hydra bites you.
* * * LOW HITPOINT WARNING * * *
The five-headed hydra bites you.
* * * LOW HITPOINT WARNING * * *
The five-headed hydra bites you.
* * * LOW HITPOINT WARNING * * *
The yak snorts and paws the ground.
Found a ration.
Throwing (i - inventory. (/) - cycle)
j - 7 curare-tipped darts (quivered)
Aim: a five-headed hydra (severely wounded)
You throw a curare-tipped dart.
The curare-tipped dart barely misses the five-headed hydra.
The five-headed hydra bites you.
* * * LOW HITPOINT WARNING * * *
You block the five-headed hydra's attack.
The five-headed hydra closely misses you. x2
The five-headed hydra bites you but does no damage.
You barely miss the five-headed hydra. You puncture the five-headed hydra!
Your weapon exudes an aura of protection.
The five-headed hydra bites you but does no damage.
You block the five-headed hydra's attack.
The five-headed hydra bites you but does no damage.
The five-headed hydra bites you!
* * * LOW HITPOINT WARNING * * *
The five-headed hydra bites you.
* * * LOW HITPOINT WARNING * * *
You can now deal lightning-fast blows.
The five-headed hydra bites you!
* * * LOW HITPOINT WARNING * * *
The five-headed hydra bites you.
* * * LOW HITPOINT WARNING * * *
The five-headed hydra bites you!
* * * LOW HITPOINT WARNING * * *
The five-headed hydra bites you but does no damage.
The five-headed hydra bites you!
You die...

......#..........#.#...#.#.##...#
......#..........#.##H.#.#......#
......#.<........#HYWt...#.##...#
......#....P.....###+++###.##...#
......#....#...............##...#
.... ......#....................#
...#.....##....#.............#
....#..#..##..#...(#####.#.....
... ..........@DP#.(# ####....
....#...#.##..#.###.# ##.... ...
......##....# .# #....# ....%%#
.# ####...# .......P .####P##...#
.........# ...........#
.......... ...........# ...###P
.. ..###....## ###..##


You could see a minotaur, a five-headed hydra, a hippogriff, a yak, a crocodile
and Fedex's ghost.

Vanquished Creatures
  Gastronok (D:9)
  Harold (D:7)
  Erica (D:11)
  2 two-headed ogres
  5 death yaks (D:11)
  Sonja (D:11)
  An unseen horror (D:10)
  Pikel (D:5)
  A deep elf mage (D:9)
  An ugly thing (D:11)
  A spiny frog (Lair:1)
  A gargoyle (D:9)
  An ancient zyme (Abyss:1)
  A hornet (D:9)
  4 trolls
  6 hippogriffs
  Sigmund (D:5)
  A shadow (D:11)
  A water elemental (D:10)
  Eustachio (D:4)
  3 yaks (D:9)
  A basilisk (Lair:1)
  A steam dragon (D:11)
  Menkaure (D:5)
  Duvessa (D:5)
  7 water moccasins (Lair:1)
  A porcupine (Lair:1)
  8 orc warriors
  3 ice beasts
  2 black bears (D:7)
  4 phantoms
  3 ogres
  5 centaurs
  3 crocodiles (Lair:1)
  9 bullfrogs
  A gnoll sergeant (D:9)
  Dowan (D:5)
  3 killer bees (D:6)
  2 scorpions
  4 wights (D:11)
  5 crimson imps
  3 electric eels (D:11)
  4 howler monkeys
  4 hounds
  A jelly (D:6)
  Crazy Yiuf (D:4)
  4 orc priests
  2 centaur skeletons
  Ijyb (D:4)
  Natasha (thrice) (D:1)
  2 iguanas
  10 orc wizards
  9 worker ants
  A hound zombie (D:7)
  A hound skeleton (D:6)
  A mummy (D:6)
  14 gnolls
  10 adders
  2 shadow imps
  An ooze (D:5)
  2 adder zombies
  An adder skeleton (D:8)
  2 dart slugs
  4 leopard geckos
  38 orcs
  2 ball pythons (D:3)
  6 giant cockroaches
  4 goblins
  7 hobgoblins
  4 jackals (D:11)
  6 quokkas
  4 bats
  2 frilled lizards
  3 hobgoblin zombies (D:6)
  7 kobolds
  A leopard gecko skeleton (D:9)
  An orc zombie (D:6)
  7 rats
276 creatures vanquished.

Vanquished Creatures (others)
  A hound zombie (D:5)
  A demonic plant (Gauntlet)
  A fungus (Gauntlet)
  2 plants (Gauntlet)
5 creatures vanquished.

Grand Total: 281 creatures vanquished

Notes
Turn   | Place    | Note
-------+----------+-------------------------------------------
     0 | D:1      | vurker the Ogre Hunter began the quest for the Orb.
     0 | D:1      | Reached XP level 1. HP: 22/22 MP: 1/1
   562 | D:1      | Reached XP level 2. HP: 31/31 MP: 2/2
  1156 | D:2      | Noticed Natasha
  1165 | D:1      | Killed Natasha
  1165 | D:1      | Reached skill level 1 in Maces & Flails
  1165 | D:1      | Reached XP level 3. HP: 15/39 MP: 3/3
  1229 | D:1      | Noticed Natasha
  1237 | D:1      | Killed Natasha
  1237 | D:1      | Reached XP level 4. HP: 29/48 MP: 4/4
  1473 | D:1      | Noticed Natasha
  1476 | D:1      | Killed Natasha
  1623 | D:2      | Found a white marble altar of Elyvilon.
  1631 | D:2      | Found a sacrificial altar of Ru.
  1632 | D:2      | Found an ancient bone altar of Kikubaaqudgha.
  2213 | D:2      | Found a sacrificial altar of Ru.
  2355 | D:3      | Reached XP level 5. HP: 39/54 MP: 5/5
  3829 | D:4      | Noticed Ijyb
  4028 | D:4      | Killed Ijyb
  4343 | D:4      | Found a staircase to the Ecumenical Temple.
  4354 | Temple   | Entered the Ecumenical Temple
  4500 | Temple   | Became a worshipper of Warmaster Okawaru
  4892 | D:4      | Noticed Eustachio
  4896 | D:4      | Killed Eustachio
  4896 | D:4      | Reached skill level 5 in Fighting
  4896 | D:4      | Reached skill level 5 in Throwing
  4896 | D:4      | Reached skill level 1 in Invocations
  4896 | D:4      | Reached XP level 6. HP: 66/66 MP: 6/6
  4999 | D:4      | Reached XP level 7. HP: 65/72 MP: 8/8
  5398 | D:4      | Found a runed translucent door.
  5399 | D:4      | Noticed Crazy Yiuf
  5548 | D:4      | Killed Crazy Yiuf
  5591 | D:5      | Entered Level 5 of the Dungeon
  5603 | D:5      | Reached * piety under Okawaru
  5701 | D:5      | Noticed Sigmund
  5715 | D:5      | Killed Sigmund
  6019 | D:5      | Noticed Duvessa
  6029 | D:5      | Noticed Dowan
  6032 | D:5      | Noticed Menkaure
  6033 | D:5      | Killed Duvessa
  6033 | D:5      | Reached XP level 8. HP: 71/83 MP: 7/10
  6036 | D:5      | Killed Menkaure
  6036 | D:5      | Reached skill level 5 in Maces & Flails
  6048 | D:5      | Killed Dowan
  6048 | D:5      | Reached ** piety under Okawaru
  6522 | D:5      | Noticed Pikel
  6538 | D:5      | Killed Pikel
  7182 | D:5      | Reached XP level 9. HP: 55/93 MP: 12/12
  7919 | D:6      | Reached skill level 5 in Invocations
  8195 | D:6      | Found an opulent altar of Gozag.
  8261 | D:6      | Reached *** piety under Okawaru
  9312 | D:7      | Received a gift from Okawaru
  9398 | D:7      | Found a bloodstained altar of Trog.
  9683 | D:7      | Noticed Harold
  9709 | D:7      | Reached XP level 10. HP: 96/106 MP: 11/14
  9741 | D:7      | Killed Harold
  9741 | D:7      | Reached **** piety under Okawaru
  9741 | D:7      | Received a gift from Okawaru
 10535 | D:8      | Noticed a two-headed ogre
 10572 | D:8      | Killed a two-headed ogre
 10850 | D:8      | You fall into a shaft and drop 2 floors!
 10850 | D:10     | Entered Level 10 of the Dungeon
 10850 | D:10     | Found a staircase to the Orcish Mines.
 11857 | D:8      | Received a gift from Okawaru
 11857 | D:8      | Reached skill level 10 in Fighting
 12156 | D:9      | Reached XP level 11. HP: 69/117 MP: 14/16
 12486 | D:9      | Paralysed by a hornet for 3 turns
 12837 | D:9      | Found a bloodstained altar of Trog.
 12837 | D:9      | Found a hazy altar of Hepliaklqana.
 12879 | D:9      | Received a gift from Okawaru
 12907 | D:9      | Noticed Gastronok
 12939 | D:9      | Killed Gastronok
 12939 | D:9      | Reached skill level 10 in Maces & Flails
 12982 | D:9      | Reached ***** piety under Okawaru
 12982 | D:9      | Received a gift from Okawaru
 13138 | D:9      | Noticed a deep elf mage
 13145 | D:9      | Killed a deep elf mage
 13701 | D:10     | Noticed a two-headed ogre
 13713 | D:10     | Received a gift from Okawaru
 13721 | D:10     | Killed a two-headed ogre
 13783 | D:10     | Received a gift from Okawaru
 14388 | D:10     | Killed an unseen horror
 15051 | D:11     | Found a gate leading to a gauntlet.
 15055 | D:11     | Noticed Erica
 15058 | Gauntlet | Entered a Gauntlet
 15058 | Gauntlet | Found a transporter.
 15067 | Gauntlet | Found a transporter.
 15082 | Gauntlet | Found a transporter.
 15087 | Gauntlet | Found a transporter.
 15104 | Gauntlet | Found a transporter.
 15106 | Gauntlet | Noticed a death drake
 15121 | Gauntlet | Found a transporter.
 15121 | Gauntlet | Noticed a catoblepas
 15133 | Gauntlet | Found a transporter.
 15133 | Gauntlet | Noticed a blizzard demon
 15139 | Gauntlet | Found a transporter.
 15141 | Gauntlet | Found a transporter.
 15158 | Gauntlet | Found a transporter.
 15158 | Gauntlet | Noticed a death drake
 15164 | Gauntlet | Found a transporter.
 15182 | Gauntlet | Noticed a hell beast
 15183 | Gauntlet | Found a transporter.
 15189 | Gauntlet | Found a transporter.
 15191 | Gauntlet | Found a transporter.
 15208 | Gauntlet | Found a transporter.
 15208 | Gauntlet | Noticed a catoblepas
 15214 | Gauntlet | Found a transporter.
 15257 | Gauntlet | Found a transporter.
 15258 | Gauntlet | Noticed a fire crab
 15285 | Gauntlet | Found a transporter.
 15346 | D:11     | Killed Erica
 15346 | D:11     | Reached XP level 12. HP: 104/130 MP: 18/18
 15479 | D:11     | Received a gift from Okawaru
 16310 | D:11     | Noticed a death yak
 16312 | D:11     | Noticed a death yak
 16318 | D:11     | Noticed a death yak
 16319 | D:11     | Noticed a death yak
 16320 | D:11     | Noticed a death yak
 16322 | D:11     | Noticed a death yak
 16327 | D:11     | Killed a death yak
 16336 | D:11     | Killed a death yak
 16336 | D:11     | Received a gift from Okawaru
 16336 | D:11     | Reached skill level 10 in Throwing
 16341 | D:11     | Killed a death yak
 16376 | D:11     | HP: 6/132 [death yak (12)]
 17108 | D:11     | Killed a death yak
 17115 | D:11     | Killed a death yak
 17279 | D:11     | Noticed Sonja
 17284 | D:11     | Cast into level 1 of the Abyss (Sonja)
 17287 | Abyss:1  | Found a corrupted altar of Lugonu.
 17484 | Abyss:1  | Noticed a bone dragon
 17564 | D:11     | Escaped the Abyss
 17572 | D:11     | Killed Sonja
 17572 | D:11     | Received a gift from Okawaru
 17976 | D:11     | Found a staircase to the Lair.
 18051 | D:11     | Found a runed translucent gate.
 18051 | D:11     | Found a runed translucent gate.
 18051 | D:11     | Noticed Lanoc's ghost (novice FoAK)
 18051 | D:11     | Noticed Xtruder99's ghost (journeyman GnAM)
 18052 | D:11     | Found a runed translucent gate.
 18052 | D:11     | Noticed HYPERHYPER's ghost (journeyman DDFi)
 18052 | D:11     | Noticed Muvuc's ghost (journeyman CeHu)
 18097 | Lair:1   | Entered Level 1 of the Lair of Beasts
 18225 | Lair:1   | Noticed a minotaur
 18225 | Lair:1   | Noticed Fedex's ghost (journeyman GnWr)
 18606 | Lair:1   | Received a gift from Okawaru
 18614 | Lair:1   | Got a fine hat {god gift}
 18625 | Lair:1   | Identified the +0 hat "Darosty" {rElec Regen+ Int-5 Slay+3}
                  | (Okawaru gifted it to you on level 1 of the Lair of Beasts)
 19028 | Lair:1   | Found a runed translucent gate.
 19029 | Lair:1   | Found a runed translucent gate.
 19030 | Lair:1   | Found a runed translucent gate.
 19038 | Lair:1   | Noticed a five-headed hydra
 19051 | Lair:1   | Mangled by a five-headed hydra

Illustrated notes

Levels and vault maps discovered:
D:1:      scummos_arrival_simple_crosswalls, layout_loops_ring,
          minmay_hexomino_f4
D:2:      layout_rooms, chequers_temple_overflow_statue_of_worship,
          lemuel_statue_altar, uniq_natasha
D:3:      layout_rooms, first_ration
D:4:      layout_gridville, minmay_temple_entry_water_ring, uniq_ijyb,
          uniq_crazy_yiuf_cottage, uniq_eustachio
D:5:      layout_basic, uniq_sigmund, uniq_pikel, uniq_duvessa, uniq_menkaure
D:6:      layout_loops_ring, kennysheep_little_box, minmay_mini_ossuary
D:7:      layout_loops_ring, basic_altar, uniq_harold
D:8:      layout_basic
D:9:      layout_gridville, gammafunk_temple_overflow_statue, uniq_gastronok
D:10:     layout_cross, david_orc_2
D:11:     layout_basic, dpeg_lair_monsters, gammafunk_ghost_cemetery,
          gauntlet_entry_generic, uniq_erica, uniq_sonja
Temple:   eino_temple_rhombus
Lair:1:   layout_gridlike, maelrawn_ghost_gauntlet_escape, guppyfry_lair_drakes

Skill      XL: |  1  2  3  4  5  6  7  8  9 10 11 12 |
---------------+-------------------------------------+-----
Fighting       | 3 4 5 6 7 8 10 11 12 | 12.5
Maces & Flails | 1 2 3 4 6 7 9 11 12 | 12.1
Throwing       | 5 6 7 8 9 10 | 10.5
Invocations    | 1 2 4 5 7 8 |  8.0
Dodging        | 2 4 |  4.5
Stealth        | |  0.6

Action                   |  1- 3 |  4- 6 |  7- 9 | 10-12 || total
-------------------------+-------+-------+-------+-------++-------
Melee: Short sword       |    98 |    93 |       |       ||   191
       Mace              |       |    57 |    37 |       ||    94
       Giant club        |       |     3 |    63 |       ||    66
       Whip              |       |       |   222 |   200 ||   422
       Punch             |       |       |     1 |     2 ||     3
       Dire flail        |       |       |       |   408 ||   408
       Giant spiked club |       |       |       |    57 ||    57
Throw: Large rock        |     4 |    18 |       |       ||    22
       Throwing net      |       |     2 |       |       ||     2
       Dart              |       |       |       |     5 ||     5
Invok: Heroism           |       |       |     7 |    17 ||    24
       Finesse           |       |       |       |     4 ||     4
Evoke: Wand              |       |       |     8 |    18 ||    26
  Use: Potion            |       |     1 |       |     2 ||     3
       Scroll            |       |       |    14 |     8 ||    22
 Stab: Sleeping          |     1 |       |       |     2 ||     3
       Paralysed         |       |       |       |     1 ||     1
  Eat: Chunk             |     1 |     9 |     8 |    16 ||    34
       Ration            |       |     1 |     2 |     4 ||     7
Armor: Robe              |    33 |    37 |    62 |   233 ||   365
Dodge: Dodged            |    53 |   101 |   133 |   257 ||   544
Block: Other             |       |       |       |     7 ||     7

Table legend:
 A = Non-vault XP
 B = Vault XP
 C = Vault XP percentage of total XP
 D = Non-vault monster count
 E = Vault monster count
 F = Vault count percentage of total count
                 A         B        C        D         E       F
            +---------+---------+-------+---------+---------+-------
      Total |   17728 |   11708 |  39.8 |     242 |      34 |  12.3
            +---------+---------+-------+---------+---------+-------
        D:1 |      96 |      40 |  29.4 |      20 |       3 |  13.0
        D:2 |      29 |       0 |   0.0 |      10 |       0 |   0.0
        D:3 |      73 |       0 |   0.0 |      18 |       0 |   0.0
        D:4 |     183 |     280 |  60.5 |       8 |       3 |  27.3
        D:5 |     385 |    1253 |  76.5 |      19 |       5 |  20.8
        D:6 |    1471 |      22 |   1.5 |      33 |       5 |  13.2
        D:7 |    1445 |     987 |  40.6 |      23 |       1 |   4.2
        D:8 |    1750 |       0 |   0.0 |      17 |       0 |   0.0
        D:9 |    3453 |    2390 |  40.9 |      29 |       1 |   3.3
       D:10 |    3678 |     289 |   7.3 |      19 |       6 |  24.0
       D:11 |    2451 |    6107 |  71.4 |      30 |       7 |  18.9
     Lair:1 |    2401 |     340 |  12.4 |      15 |       3 |  16.7
    Abyss:1 |     313 |       0 |   0.0 |       1 |       0 |   0.0
            +---------+---------+-------+---------+---------+-------
